 Dungeon Crawl Stone Soup version 0.31-a0-202-g547052bce9 (webtiles) character file.

Game seed: 16535596629722488442

53 qw the Shooter (level 3, 0/20 HPs)
             Began as a Deep Elf Hunter on June 26, 2023.
             Slain by Terence
             ... wielding a +0 hand axe
              (3 damage)
             ... on level 2 of the Dungeon.
             The game lasted 00:00:27 (734 turns).

qw the Shooter (Deep Elf Hunter)                     Turns: 734, Time: 00:00:27

Health: 0/20       AC:  3    Str: 10    XL:     3   Next: 62%
Magic:  5/5        EV: 12    Int: 13    God:
Gold:   27         SH:  0    Dex: 18    Spells: 2/2 levels left

rFire   . . .        Y - +0 shortbow
rCold   . . .        (shield currently unavailable)
rNeg    . . .        c - +0 leather armour
rPois   .            (no helmet)
rElec   .            (no cloak)
rCorr   .            (no gloves)
SInv    .            (no boots)
Will    .....        (no amulet)
Stlth   ++           (no ring)
HPRegen 0.23/turn    (no ring)
MPRegen 0.09/turn

%: no passive effects
@: no status effects
A: no striking features
a: no special abilities


You were on level 2 of the Dungeon.
You visited 1 branch of the dungeon, and saw 2 of its levels.

You collected 27 gold pieces.


   Skills:
 - Level 1.5 Fighting
 + Level 7.1 Ranged Weapons
 - Level 2.4 Dodging
 - Level 1.2 Stealth


You had 2 spell levels left.
You didn't know any spells.
Your spell library was empty.

Inventory:

Hand Weapons
 Y - a +0 shortbow (weapon)
Armour
 c - a +0 leather armour (worn)
Jewellery
 a - a ring of fire
Scrolls
 b - a scroll of identify
 d - a scroll of enchant armour {unknown}
 e - a scroll of poison {unknown}
 i - a scroll of fog {unknown}
Potions
 f - 3 potions of curing
 g - a potion of resistance {unknown}
 h - a potion of haste {unknown}

Dungeon Overview and Level Annotations

Branches:
Dungeon (2/15)

Altars:
Xom

Shops:
D:1 *

Annotations:
D:2 Terence


Message History

Terence shouts!
Enter note:
Enter note: You shoot an arrow.
The arrow hits Terence.
Terence is lightly wounded.
A rat comes into view.
You shoot an arrow.
The arrow hits Terence but does no damage.
Terence is lightly wounded.
You shoot an arrow. The arrow hits Terence.
Terence is heavily wounded.
Terence hits you with a +0 hand axe.
You shoot an arrow.
The arrow hits Terence but does no damage.
Terence is heavily wounded.
Terence hits you with a +0 hand axe! Terence closely misses you.
You shoot an arrow.
The arrow hits Terence but does no damage.
Terence is heavily wounded.
Terence barely misses you.
You shoot an arrow. The arrow closely misses Terence.
Terence closely misses you.
You shoot an arrow. The arrow hits Terence.
Terence is heavily wounded.
Terence hits you with a +0 hand axe. The rat bites you.
You shoot an arrow. The arrow barely misses Terence.
The rat closely misses you. Terence hits you with a +0 hand axe.
You shoot an arrow. The arrow hits Terence.
Terence is heavily wounded.
The rat closely misses you. Terence hits you with a +0 hand axe.
You shoot an arrow. The arrow closely misses Terence.
The rat barely misses you. Terence hits you but does no damage.
You shoot an arrow. The arrow hits Terence.
Terence is severely wounded.
The rat barely misses you. Terence hits you with a +0 hand axe.
You shoot an arrow.
The arrow hits Terence but does no damage.
Terence is severely wounded.
The rat misses you. Terence hits you with a +0 hand axe.
You die...

#....#.# ##.##
#......# #.#
##...### #.# ##.##
#.# ##.##### #.#
#......### #..
###.####..........
###
..............###.
##.###@.........
#r@###..### #....
.... #!......###
#.#.##.## #.... #
#..... #.....#


You could see Terence and a rat.

Vanquished Creatures
  An adder (D:2)
  3 dart slugs (D:1)
  2 ball pythons (D:1)
  3 bats (D:1)
  4 endoplasms
  2 giant cockroaches (D:1)
  2 hobgoblins (D:1)
  5 jackals (D:1)
  5 quokkas (D:1)
  3 frilled lizards (D:1)
  2 kobolds
  A rat (D:1)
33 creatures vanquished.

Notes
Turn   | Place    | Note
-------+----------+-------------------------------------------
     0 | D:1      | qw the Deep Elf Hunter began the quest for the Orb.
     0 | D:1      | Reached XP level 1. HP: 12/12 MP: 3/3
     0 | D:1      | 0 ||| qw: Version: 0.3-a-22-g0ed2b0b
     0 | D:1      | 0 ||| qw: Game counter: 6026
     0 | D:1      | 0 ||| qw: Melee chars always use a shield: true
     0 | D:1      | 0 ||| qw: God list: Okawaru
     0 | D:1      | 0 ||| qw: Allow faded altars: false
     0 | D:1      | 0 ||| qw: Do Orc after clearing Dungeon:15 true
     0 | D:1      | 0 ||| qw: Do second Lair branch before Depths: true
     0 | D:1      | 0 ||| qw: Lair rune preference: random
     0 | D:1      | 0 ||| qw: Goals: Normal
     0 | D:1      | 0 ||| PLANNING D:1-11
    21 | D:1      | 21 ||| FLEEEEING.
    92 | D:1      | Reached XP level 2. HP: 12/16 MP: 4/4
   127 | D:1      | Found Nojaan's Assorted Antiques.
   135 | D:1      | 135 ||| SHOPLISTING black potion (20 gold, have 0).
   135 | D:1      | 135 ||| SHOPLISTING glowing opal ring (115 gold, have 0).
   135 | D:1      | 135 ||| SHOPLISTING lumpy orange potion (20 gold, have 0).
   135 | D:1      | 135 ||| SHOPLISTING scroll labelled QERI WOCWOR (23 gold,
                  | have 0).
   135 | D:1      | 135 ||| SHOPLISTING scroll labelled ZOEGEKUECS GIRECLO (23
                  | gold, have 0).
   135 | D:1      | 135 ||| SHOPLISTING shiny scale mail (161 gold, have 0).
   149 | D:1      | Reached skill level 6 in Ranged Weapons
   339 | D:1      | Reached XP level 3. HP: 20/20 MP: 5/5
   614 | D:1      | 614 ||| READING scroll labelled ZOEGEKUECS GIRECLO.
   615 | D:1      | 615 ||| READING scroll labelled XOPYRCHEFAD.
   616 | D:1      | 616 ||| DRINKING 2 pink potions.
   617 | D:1      | 617 ||| DRINKING 4 murky yellow potions.
   618 | D:1      | 618 ||| DROPPING scroll of butterflies.
   619 | D:1      | 619 ||| DROPPING potion of invisibility.
   637 | D:2      | Reached skill level 7 in Ranged Weapons
   672 | D:2      | Found a shimmering altar of Xom.
   722 | D:2      | Noticed Terence
   730 | D:2      | HP: 4/20 [Terence/+0 hand axe (4)]
   734 | D:2      | Slain by Terence

Levels and vault maps discovered:
D:1:      ncdulo_watergridlock, layout_basic, serial_shops, shop,
          chequers_arboretum
D:2:      layout_loops_cross, basic_altar, serial_shops,
          nicolae_shop_just_a_little_nook, minivault_5, uniq_terence

Skill      XL: |  1  2  3 |
---------------+----------+-----
Ranged Weapons | 6 7 |  7.1
Fighting       | |  1.5
Dodging        | |  2.4
Stealth        | |  1.2

Action                     || total
---------------------------++-------
   Fire: Shortbow          ||   100
    Use: Scroll            ||     2
         Potion            ||     2
 Armour: Leather armour    ||     9
  Dodge: Dodged            ||    27

Table legend:
 A = Non-vault XP
 B = Vault XP
 C = Vault XP percentage of total XP
 D = Non-vault monster count
 E = Vault monster count
 F = Vault count percentage of total count
                 A         B        C        D         E       F
            +---------+---------+-------+---------+---------+-------
      Total |      76 |       0 |   0.0 |      33 |       0 |   0.0
            +---------+---------+-------+---------+---------+-------
        D:1 |      59 |       0 |   0.0 |      30 |       0 |   0.0
        D:2 |      17 |       0 |   0.0 |       3 |       0 |   0.0
            +---------+---------+-------+---------+---------+-------
